Map: World of Sleepers LE

Players

Galoubet

  • Race: Zerg Zerg
  • League: Gold
  • Spawn Location: 7:00

Dejanigma - Winner!

  • Race: Zerg Zerg
  • League: Diamond
  • Spawn Location: 1:00

VOD

Have the link to the VOD?

Description

Time

  • Played on: Oct. 12, 2019, 6:25 p.m.
  • Length: 7:40
Show
View Real Time Build Order
Export as new Build Order

Galoubet Zerg 

Build Orders: Hatch First 

Get SALT Encoding   

  12  0:01  Drone  
  13  0:12  Overlord  
  13  0:16  Drone  
  14  0:30  Drone  
  14  0:31  Drone  
  14  0:35  Drone  
  17  0:51  Hatchery  
  17  0:56  Drone  
  17  1:08  Spawning Pool  
  16  1:12  Drone  
  16  1:15  Drone  
  18  1:18  Drone  
  19  1:28  Drone  
  19  1:31  Extractor  
  19  1:46  Drone  
  20  1:50  Overlord  
  20  1:55  Queen  
  22  2:03  Queen  
  22  2:04  Drone x2  
  26  2:11  Drone  
  27  2:17  Drone  
  27  2:22  Zergling x2  
  29  2:27  Overlord  
  29  2:36  Drone x2  
  31  2:45  Drone  
  31  2:50  Overlord  
  32  2:57  Drone  
  33  3:22  Roach Warren  
  33  3:24  Evolution Chamber  
  31  3:28  Zergling x14  
  31  3:29  Zergling x2  
  38  3:37  Drone  
  39  3:49  Evolution Chamber  
  38  3:58  Overlord  
  38  4:01  Drone x4  
  42  4:03  Overlord  
  42  4:05  Overlord  
  42  4:06  Overlord  
  42  4:09  Queen  
  43  4:30  Drone  
  44  4:31  Baneling Nest  
  44  4:34  Drone x4  
  44  4:35  Drone x2  
  44  4:37  Extractor  
  44  4:38  Extractor  
  47  4:39  Roach  
  47  4:43  Roach  
  51  4:54  Zerg Missile Weapons Level 1  
  51  4:58  Lair  
  51  5:03  Drone x3  
  51  5:04  Drone x3  
  51  5:06  Roach  
  59  5:13  Roach  
  61  5:17  Baneling x7  
  61  5:18  Baneling  
  61  5:24  Drone  
  61  5:25  Drone x2  
  64  5:29  Overlord  
  64  5:38  Hatchery  
  63  5:44  Roach x6  
  72  5:59  Roach x5  
  77  6:06  Roach x3  
  83  6:16  Overlord x3  
  83  6:35  Roach x3  
  79  6:58  Extractor, Roach x3  
  79  6:59  Roach x2  
  79  7:00  Extractor  
  59  7:11  Roach x3  
  59  7:12  Zergling x2  
  59  7:13  Zergling x10  
Show
View Real Time Build Order
Export as new Build Order

Dejanigma Zerg - Winner!

Build Orders: Hatch First 

Get SALT Encoding   

  12  0:00  Drone  
  13  0:13  Overlord  
  13  0:17  Drone  
  14  0:31  Drone x2  
  16  0:49  Hatchery  
  15  0:53  Drone  
  16  1:02  Extractor  
  15  1:09  Spawning Pool  
  14  1:12  Drone  
  14  1:15  Drone  
  16  1:19  Drone  
  16  1:23  Drone  
  18  1:33  Overlord  
  18  1:44  Drone  
  19  1:56  Queen  
  21  2:02  Metabolic Boost  
  21  2:04  Queen  
  21  2:07  Zergling x2  
  24  2:11  Zergling x2  
  25  2:17  Drone x2  
  27  2:24  Drone  
  28  2:35  Zergling x4  
  28  2:36  Drone  
  31  2:47  Overlord, Drone  
  31  2:48  Queen  
  34  2:53  Drone  
  34  3:10  Drone x2  
  34  3:11  Drone  
  36  3:16  Queen  
  36  3:18  Drone x3  
  41  3:22  Drone  
  41  3:23  Drone x2  
  44  3:33  Drone  
  43  3:36  Overlord  
  43  3:40  Extractor  
  42  3:44  Extractor  
  41  4:00  Roach Warren, Baneling Nest  
  41  4:01  Evolution Chamber  
  38  4:04  Overlord, Drone x4  
  38  4:05  Zergling x4  
  38  4:06  Zergling x6  
  47  4:14  Spine Crawler  
  46  4:18  Zergling x4  
  48  4:30  Overlord  
  48  4:31  Lair  
  48  4:44  Roach x5  
  58  4:46  Overlord  
  58  4:47  Overlord  
  58  4:51  Drone  
  59  4:53  Drone  
  59  4:55  Drone  
  61  5:11  Drone x2  
  61  5:12  Overlord, Drone x3  
  66  5:29  Glial Reconstitution  
  66  5:31  Roach x5  
  76  5:50  Hydralisk Den  
  76  5:51  Roach x7  
  87  6:10  Overlord x2  
  87  6:23  Ravager x2  
  87  6:24  Ravager x2  
  87  6:25  Overlord x2  
  91  6:39  Infestation Pit  
  90  6:50  Hatchery  
  82  6:56  Zergling x10, Roach x4  
  82  6:57  Roach, Zergling x2  
  90  7:04  Ravager  
  103  7:36  Ravager  
Tags
 
Add a new tag
Caveats
  • Supply blocks, unpowered buildings, or Contaminate may cause inaccurate times.
  • Supply counts are checked every 10 seconds.